 Dungeon Crawl Stone Soup version 0.25-a0-1073-gf4359a17dd (webtiles) character file.

Game seed: 6665181058492672555, levelgen mode: deterministic

385141 Flugslaktarn the Tortoise (level 21, -7/210 HPs)
             Began as a Deep Dwarf Fighter on May 14, 2020.
             Was a High Priest of Makhleb.
             Mangled by an Orb Guardian (14 damage)
             ... on level 5 of the Realm of Zot.
             The game lasted 00:19:07 (18256 turns).

Flugslaktarn the Tortoise (Deep Dwarf Fighter)     Turns: 18256, Time: 00:19:08

Health: -7/210     AC: 36    Str: 24    XL:     21   Next: 63%
Magic:  21/21      EV: 16    Int: 10    God:    Makhleb [*****.]
Gold:   6556       SH: 20    Dex: 19    Spells: 20/20 levels left

rFire    + + +     SeeInvis .   D - +7 broad axe (venom)
rCold    + . .     Gourm    .   L - +0 kite shield
rNeg     + . .     Faith    .   S - +2 gold dragon scales
rPois    +         Spirit   .   j - +2 helmet
rElec    +         Reflect  +   H - scarf {rC+ rF+}
rCorr    .         Harm     .   s - +2 pair of gloves
MR       +++..                  (no boots)
Stlth    ..........             g - amulet of reflection
HPRegen  0.00/turn              n - ring "Uhichy" {Fire rElec Slay+3}
MPRegen  0.17/turn              p - +4 ring of protection

@: non-regenerating, hasted and slowed, studying Axes
A: damage resistance, heal wounds, hooves 1, agile 1, negative energy resistance
1, sense surroundings 3, no regeneration
}: 3/15 runes: serpentine, barnacled, silver
a: Heal Wounds, Minor Destruction, Lesser Servant of Makhleb, Major Destruction,
Greater Servant of Makhleb, Renounce Religion


You were on level 5 of the Realm of Zot.
You worshipped Makhleb.
Makhleb was extremely pleased with you.
You were hungry.

You visited 8 branches of the dungeon, and saw 45 of its levels.

You collected 6622 gold pieces.
You spent 66 gold pieces at shops.

Inventory:

Hand Weapons
 D - a +7 broad axe of venom (weapon)
   (You acquired it on level 4 of the Lair of Beasts)
Missiles
 o - 4 throwing nets (quivered)
Armour
 j - a +2 helmet (worn)
   (You found it on level 6 of the Lair of Beasts)
 s - a +2 pair of gloves (worn)
   (You found it on level 5 of the Dungeon)
 H - a scarf of resistance (worn)
   (You found it on level 14 of the Dungeon)
 L - a +0 kite shield (worn)
 S - +2 gold dragon scales (worn)
   (You found it on level 5 of the Depths)
Jewellery
 g - an amulet of reflection (around neck)
   (You found it on level 2 of the Dungeon)
 n - the ring "Uhichy" (left hand) {Fire rElec Slay+3}
   (You found it on level 5 of the Dungeon)

   [ring of fire]

   It enhances your fire magic.
   It affects your accuracy and damage with ranged weapons and melee attacks
   (+3).
   It protects you from fire.
   It makes you vulnerable to cold.
   It insulates you from electricity.
 p - a +4 ring of protection (right hand)
   (You took it off a deep elf mage on level 5 of the Vaults)
Wands
 i - a wand of iceblast (9)
   (You found it on level 4 of the Dungeon)
 v - a wand of digging (4)
   (You found it on level 8 of the Dungeon)
 I - a wand of clouds (2)
   (You found it on level 5 of the Dungeon)
Scrolls
 b - a scroll of fog
 t - 10 scrolls of teleportation
 x - 6 scrolls of remove curse
 z - 5 scrolls of blinking
 G - 2 scrolls of immolation
 K - 6 scrolls of fear
Potions
 d - 5 potions of might
 f - a potion of magic
 m - 4 potions of ambrosia
 q - 3 potions of curing
 B - 3 potions of flight
 J - 2 potions of berserk rage
 M - 2 potions of mutation
 T - 2 potions of heal wounds {unknown}
Books
 u - a manual of Axes
   (You acquired it on level 3 of the Lair of Beasts)
Miscellaneous
 N - a tin of tremorstones (3/3)
   (You found it on level 4 of the Shoals)
Comestibles
 e - 31 rations


   Skills:
 + Level 17.6 Fighting
 - Level 18.0 Axes
 + Level 20.3 Armour
 + Level 18.2 Dodging
 - Level 15.0 Shields
 - Level 15.0 Invocations
 - Level 8.0 Evocations


You had 20 spell levels left.
You didn't know any spells.
Your spell library was empty.

Dungeon Overview and Level Annotations

Branches:
Dungeon (15/15)            Temple (1/1) D:5            Lair (6/6) D:9
 Shoals (4/4) Lair:3        Snake (4/4) Lair:2        Slime (0/5) Lair:6
 Vaults (5/5) D:14         Depths (5/5) D:15            Zot (5/5) Depths:5
    Orc: D:9-12       Crypt: Vaults:2-3

Altars:
Ashenzari
Dithmenos
Fedhas
Gozag
Hepliaklqana
Kikubaaqudgha
Makhleb
Okawaru
Ru
Sif Muna
Uskayaw
Vehumet
Xom
Yredelemnul
Zin
The Shining One
Jiyva

Shops:
D:14 [   Shoals:4 [   Vaults:5 *   Depths:1 (

Portals:
Hell: Depths:5

Annotations:
D:4 3 runed translucent doors, Lanoc's ghost, amateur NaCK; wullow's ghost, novice HuFi
D:5 2 runed translucent doors, Lovchig's ghost, amateur DDFi
Lair:2 1 runed translucent door, exclusion: oklob plant, Ulumiabe's ghost, journeyman OpBe
Vaults:5 Margery
Depths:1 exclusion: obsidian statue


Innate Abilities, Weirdness & Mutations

You are resistant to damage.
You can heal yourself by infusing magical energy.
You resist negative energy. (rN+)
You passively map a large area around you.
You do not regenerate.
You have large cloven feet.
You are agile. (Dex +2)


Message History

You are too injured to fight recklessly!
You are too injured to fight recklessly!
You are too injured to fight recklessly!
You feel yourself speed up. The death cob barely misses you.
You block the death cob's attack. You block the Orb Guardian's attack.
The purple draconian breathes dispelling energy at you.
The bolt of dispelling energy hits you!!
Your magical effects are unravelling.
* * * LOW HITPOINT WARNING * * *
You block the Orb Guardian's attack. The Orb Guardian hits you.
* * * LOW HITPOINT WARNING * * *
The death cob hits you!
* * * LOW HITPOINT WARNING * * *
The death cob drains your vigour!
You feel as though you will be slow longer.
The golden dragon closely misses you.
The golden dragon claws you but does no damage.
The golden dragon tramples you but does no damage.
The Orb Guardian hits you!
You die...

,, , ** ,,, , * * * *
* ▓▓▓ , ^..## , , , ,
....#* , , , ,
*#...######### * * *
,, #........... , , ,
, #.X.X......... , ,,
, #..@d......... , ,
##XzD.......§# , , ,
#.d.........# * , ,
##...........## , , *
#.........^...# * ,
,, , *
##.............# *
,,,, ,**
#.....^......... * *
#▓▓▓▓########.######*
* #.≈≈≈≈≈≈.# #..# , ,


You could see a golden dragon (extremely poisoned), a yellow draconian, a purple
draconian (extremely poisoned, catching breath), a death cob and 3 Orb
Guardians.

Vanquished Creatures
  A curse toe (Zot:4)
  A golden dragon (Depths:5)
  5 tentacled monstrosities
  3 liches
  2 Orb Guardians (Zot:5)
  4 quicksilver dragons
  3 titans (Vaults:5)
  5 sphinxes
  A death cob (Zot:2)
  A kraken (Shoals:3)
  6 shadow dragons
  8 tengu reavers
  8 nagarajas (Snake:4)
  2 draconian monks
  4 storm dragons
  Kirke (D:13)
  8 vault wardens
  2 fire giants
  3 iron dragons
  2 draconian scorchers (Zot:4)
  3 draconian knights
  A deep elf elementalist (Vaults:5)
  7 frost giants
  Louise (D:14)
  A draconian stormcaller (Depths:5)
  5 ironheart preservers
  18 stone giants
  A war gargoyle (Vaults:5)
  A draconian annihilator (Zot:1)
  11 very ugly things
  2 vampire knights (Depths:5)
  A green draconian (Zot:2)
  5 white draconians
  2 deep elf annihilators (Vaults:5)
  5 yellow draconians
  7 black draconians
  3 red draconians
  Azrael (D:12)
  6 spark wasps
  4 purple draconians
  5 ettins
  Snorg (D:13)
  3 jiangshi (Depths:3)
  A merfolk javelineer (Shoals:4)
  5 merfolk impalers
  9 fire dragons
  8 ogre magi
  7 yaktaur captains
  Erolcha (D:13)
  25 vault guards
  3 great orbs of eyes
  Harold (D:11)
  A deep elf high priest (Vaults:5)
  A spriggan air mage (Depths:3)
  4 hydras
  2 merfolk avatars (Shoals:4)
  3 rakshasas
  5 centaur warriors
  9 naga warriors
  9 ice dragons
  28 two-headed ogres
  3 anacondas
  3 merfolk aquamancers (Shoals:4)
  2 death knights
  A dancing weapon (Vaults:5)
  10 deep troll shamans
  A vampire mage (Depths:3)
  3 tengu warriors
  5 deep troll earth magi
  2 shock serpents (Snake:4)
  9 naga sharpshooters
  A salamander mystic (Snake:3)
  A deep elf knight (Vaults:4)
  4 hell knights (Vaults:5)
  7 spriggan berserkers
  A sun demon (Depths:1)
  2 unseen horrors
  An iron troll (Depths:5)
  A shadow wraith (Vaults:4)
  2 skeletal warriors (D:13)
  2 fire crabs (shapeshifter)
  4 sea snakes (Shoals:4)
  6 ironbrand convokers
  2 glowing orange brains
  2 flayed ghosts
  2 wizards
  A kraken simulacrum (Shoals:4)
  5 naga ritualists
  26 deep trolls
  3 mana vipers
  7 deep elf magi
  11 harpies
  A necromancer (Vaults:5)
  2 wolf spiders
  43 ugly things
  12 manticores
  5 cyclopes
  5 moths of wrath
  2 orc sorcerers (D:15)
  A cyclops (shapeshifter) (Vaults:5)
  3 centaur zombies
  Maurice (D:13)
  4 salamanders
  4 merfolk sirens
  A vault sentinel (Vaults:2)
  29 black mambas
  A molten gargoyle (Lair:6)
  2 guardian serpents
  24 naga magi
  2 water nymphs (Shoals:4)
  5 spiny frogs
  4 rime drakes
  A rime drake (shapeshifter) (Vaults:2)
  8 freezing wraiths
  6 komodo dragons
  27 yaktaurs
  A yaktaur (shapeshifter) (Vaults:3)
  4 tengu conjurers
  3 trolls
  A meliai (shapeshifter) (Vaults:1)
  17 merfolk
  2 wind drakes (Shoals:4)
  3 hornets
  21 slime creatures
  9 hippogriffs
  Grinder (D:4)
  9 dream sheep
  11 blink frogs
  5 snapping turtles (Shoals:4)
  A spriggan (Depths:5)
  3 wraiths
  45 yaks
  3 hogs (D:13)
  4 water elementals
  Eustachio (D:6)
  A wyvern (Lair:6)
  4 fire elementals (D:12)
  2 basilisks (shapeshifter)
  3 steam dragons
  2 hungry ghosts
  2 vampire mosquitoes (D:15)
  29 nagas
  2 acid dragons (D:15)
  9 water moccasins
  7 hell hounds
  5 porcupines
  A hornet zombie (D:15)
  A necrophage (D:7)
  10 orc warriors
  2 sky beasts
  3 black bears
  2 ice beasts
  An eye of draining (D:15)
  A phantom (D:7)
  23 ogres
  6 wolves (Lair:1)
  A centaur (shapeshifter) (Vaults:4)
  8 centaurs
  10 crocodiles
  A wyvern zombie (D:6)
  2 big kobolds
  12 bullfrogs
  A gnoll sergeant (D:6)
  A water moccasin skeleton (D:8)
  2 scorpions
  47 killer bees (Lair:5)
  A human simulacrum (Vaults:3)
  2 electric eels (Lair:3)
  4 wights (D:13)
  3 howler monkeys
  8 crimson imps
  2 bullfrog zombies
  A hound (D:4)
  A hound (shapeshifter) (Depths:1)
  5 jellies
  11 orc priests
  16 orc wizards
  Crazy Yiuf (D:7)
  2 bullfrog skeletons
  5 centaur skeletons
  A gnoll shaman (D:7)
  Natasha (D:3)
  4 iguanas
  7 worker ants
  2 worker ant zombies (D:8)
  A howler monkey skeleton (D:4)
  12 gnolls
  8 adders
  2 shadow imps
  An ooze (D:1)
  2 adder zombies
  2 adder skeletons
  2 worms
  4 leopard geckos
  59 orcs
  A giant cockroach (D:4)
  2 hobgoblins (D:3)
  10 jackals
  9 kobolds
  2 quokkas
  A ball python (D:4)
  2 bats
  A jackal skeleton (D:5)
  A jackal zombie (D:6)
  A leopard gecko skeleton (D:5)
  2 rats (D:3)
  3 fungi
  5 plants
  4 tentacles
1168 creatures vanquished.

Vanquished Creatures (collateral kills)
  A tentacled monstrosity (Vaults:5)
  A frost giant (Vaults:5)
  2 ironheart preservers (Vaults:5)
  A stone giant (Vaults:5)
  A deep elf death mage (Vaults:5)
  A yaktaur captain (Vaults:5)
  An ice dragon (shapeshifter) (Vaults:5)
  A water nymph (Shoals:4)
9 creatures vanquished.

Vanquished Creatures (others)
  A merfolk aquamancer (Shoals:4)
  2 spiny frogs
  A blink frog (Lair:6)
  3 yaks
  A human (D:13)
  A naga (Lair:2)
  A water moccasin (Lair:1)
  2 porcupines
  An orc warrior (D:9)
  A sky beast (D:15)
  A centaur (D:8)
  A crocodile (Lair:2)
  A big kobold (D:13)
  An adder (D:9)
  An orc (D:8)
  4 kobolds (D:13)
  5 fungi
  7 plants
  7 tentacles
42 creatures vanquished.

Grand Total: 1219 creatures vanquished

Notes
Turn   | Place    | Note
-------+----------+-------------------------------------------
     0 | D:1      | Flugslaktarn the Deep Dwarf Fighter began the quest for the
                  | Orb.
     0 | D:1      | Reached XP level 1. HP: 20/20 MP: 1/1
   101 | D:2      | Reached XP level 2. HP: 17/27 MP: 2/2
   178 | D:3      | Noticed Natasha
   186 | D:3      | Killed Natasha
   186 | D:3      | Reached XP level 3. HP: 19/34 MP: 3/3
   294 | D:4      | Reached XP level 4. HP: 29/42 MP: 4/4
   300 | D:4      | Reached skill level 4 in Armour
   315 | D:4      | Reached XP level 5. HP: 18/49 MP: 4/4
   330 | D:5      | Entered Level 5 of the Dungeon
   330 | D:5      | Found an iron altar of Okawaru.
   378 | D:4      | Noticed an ogre
   386 | D:4      | Killed an ogre
   402 | D:4      | Reached XP level 6. HP: 28/57 MP: 5/5
   408 | D:4      | Reached skill level 5 in Axes
   624 | D:4      | Reached XP level 7. HP: 50/64 MP: 6/6
   642 | D:4      | Noticed Lanoc's ghost (amateur NaCK)
   642 | D:4      | Noticed wullow's ghost (novice HuFi)
   643 | D:4      | Found a runed translucent gate.
   643 | D:4      | Found a runed translucent gate.
   643 | D:4      | Found a runed translucent gate.
   778 | D:4      | Noticed Grinder
   792 | D:4      | Killed Grinder
   792 | D:4      | Reached skill level 5 in Armour
   792 | D:4      | Reached skill level 5 in Shields
  1153 | D:5      | Got a sparkling granite ring
  1245 | D:5      | Noticed a hippogriff
  1257 | D:5      | Killed a hippogriff
  1269 | D:5      | Found a staircase to the Ecumenical Temple.
  1299 | Temple   | Entered the Ecumenical Temple
  1360 | Temple   | Became a worshipper of Makhleb the Destroyer
  1440 | D:5      | Reached XP level 8. HP: 44/73 MP: 7/7
  1775 | D:5      | Found a large runed translucent door.
  1782 | D:5      | Found a large runed translucent door.
  1784 | D:5      | Noticed Lovchig's ghost (amateur DDFi)
  1894 | D:6      | Reached skill level 1 in Invocations
  1912 | D:6      | Noticed Eustachio
  1963 | D:6      | Killed Eustachio
  2005 | D:6      | Reached skill level 6 in Armour
  2015 | D:6      | Reached skill level 5 in Fighting
  2050 | D:6      | Identified the ring "Uhichy" {Fire rElec Slay+3} (You found
                  | it on level 5 of the Dungeon)
  2079 | D:6      | Got a scorched amber ring
  2111 | D:6      | Found an ancient bone altar of Kikubaaqudgha.
  2122 | D:6      | Reached * piety under Makhleb
  2197 | D:6      | Got a crude scale mail
  2434 | D:7      | Noticed a hippogriff
  2442 | D:7      | Killed a hippogriff
  2442 | D:7      | Gained mutation: You passively map the area around you.
                  | [Deep Dwarf growth]
  2442 | D:7      | Reached XP level 9. HP: 71/81 MP: 9/9
  2523 | D:7      | Found a shimmering altar of Xom.
  2640 | D:7      | Found a basalt altar of Yredelemnul.
  2725 | D:7      | Found a runed translucent door.
  2726 | D:7      | Noticed Crazy Yiuf
  2733 | D:7      | Killed Crazy Yiuf
  2733 | D:7      | Reached ** piety under Makhleb
  3081 | D:7      | Reached skill level 7 in Armour
  3136 | D:8      | Reached skill level 5 in Invocations
  3164 | D:8      | Got a spiked buckler
  3190 | D:8      | Identified the -6 buckler of Liberty {Harm Dex+6} (You
                  | found it on level 8 of the Dungeon)
  3204 | D:8      | Identified the ring "Finootos" {+Fly rN+} (You found it on
                  | level 6 of the Dungeon)
  3323 | D:8      | Got a translucent plate armour
  3334 | D:8      | Identified the +6 plate armour of the Cockatrice {rN++
                  | Dex+4} (You found it on level 8 of the Dungeon)
  3408 | D:8      | Noticed a two-headed ogre
  3420 | D:8      | Reached *** piety under Makhleb
  3427 | D:8      | Killed a two-headed ogre
  3427 | D:8      | Reached XP level 10. HP: 81/92 MP: 12/12
  3496 | D:8      | Reached skill level 10 in Axes
  3522 | D:8      | Found a blossoming altar of Fedhas.
  4103 | D:9      | Found a staircase to the Lair.
  4370 | Lair:1   | Entered Level 1 of the Lair of Beasts
  4373 | Lair:1   | Reached skill level 8 in Armour
  4450 | Lair:1   | Reached **** piety under Makhleb
  4566 | Lair:1   | Found a frozen archway.
  4695 | Lair:1   | Reached XP level 11. HP: 69/100 MP: 14/14
  5488 | Lair:2   | Found a staircase to the Snake Pit.
  5623 | Lair:2   | Reached skill level 9 in Armour
  5716 | Lair:2   | Found a runed translucent door.
  5722 | Lair:2   | Noticed Ulumiabe's ghost (journeyman OpBe)
  5867 | Lair:2   | Noticed an oklob plant
  6044 | Lair:3   | Found a staircase to the Shoals.
  6421 | Lair:3   | Noticed a five-headed hydra
  6432 | Lair:3   | Killed a 13-headed hydra
  6767 | Lair:3   | Identified 2 scrolls of acquirement
  7159 | Lair:4   | Reached XP level 12. HP: 94/110 MP: 16/16
  7209 | Lair:4   | Found a gate leading to a gauntlet.
  7729 | Lair:5   | Reached ***** piety under Makhleb
  7787 | Lair:5   | Identified the cursed +0 scale mail of Kleptomania {*Contam
                  | Int+3 SInv} (You found it on level 6 of the Dungeon)
  7875 | Lair:5   | Reached skill level 10 in Armour
  8054 | Lair:5   | Reached skill level 10 in Shields
  8055 | Lair:5   | Reached skill level 10 in Invocations
  8435 | Lair:6   | Entered Level 6 of the Lair of Beasts
  8609 | Lair:6   | Reached skill level 15 in Axes
  8675 | Lair:6   | Found a viscous altar of Jiyva.
  8675 | Lair:6   | Found a staircase to the Slime Pits.
  8852 | D:10     | Entered Level 10 of the Dungeon
  8859 | D:10     | Noticed a two-headed ogre
  8864 | D:10     | Killed a two-headed ogre
  8864 | D:10     | Reached XP level 13. HP: 89/121 MP: 19/19
  9008 | D:11     | Reached ****** piety under Makhleb
  9269 | D:11     | Noticed Harold
  9288 | D:11     | Killed Harold
  9292 | D:11     | Gained mutation: You are agile. (Dex +2) [potion of
                  | mutation]
  9292 | D:11     | Gained mutation: You have large cloven feet. [potion of
                  | mutation]
  9439 | D:11     | Reached skill level 11 in Armour
  9487 | D:12     | Reached skill level 1 in Dodging
  9541 | D:12     | Noticed Azrael
  9558 | D:12     | Killed Azrael
  9777 | D:13     | Noticed Kirke
  9792 | D:13     | Killed Kirke
  9809 | D:13     | Noticed Erolcha
  9816 | D:13     | Killed Erolcha
 10159 | D:13     | Noticed Maurice
 10174 | D:13     | Killed Maurice
 10287 | D:13     | Noticed Snorg
 10298 | D:13     | Killed Snorg
 10303 | D:13     | Gained mutation: You resist negative energy. (rN+) [Deep
                  | Dwarf growth]
 10303 | D:13     | Reached XP level 14. HP: 82/130 MP: 20/20
 10575 | D:15     | Entered Level 15 of the Dungeon
 10591 | D:15     | Reached skill level 10 in Fighting
 10743 | D:15     | Reached skill level 5 in Dodging
 10746 | D:15     | Reached skill level 12 in Armour
 10842 | D:15     | Found a staircase to the Depths.
 11180 | Shoals:1 | Entered Level 1 of the Shoals
 11343 | Shoals:3 | Noticed a kraken
 11357 | Shoals:3 | Killed a kraken
 11357 | Shoals:3 | Reached XP level 15. HP: 78/140 MP: 21/21
 11367 | Shoals:4 | Entered Level 4 of the Shoals
 11731 | Shoals:4 | Reached skill level 1 in Evocations
 11948 | Shoals:4 | Got a heavily runed granite ring
 12006 | Shoals:4 | Reached skill level 5 in Evocations
 12048 | Shoals:4 | Found Errak's Antique Armour Shop.
 12171 | Shoals:4 | Got a barnacled rune of Zot
 12360 | Snake:1  | Entered Level 1 of the Snake Pit
 12380 | Snake:1  | You fall into a shaft and drop 1 floor!
 12436 | Snake:2  | Reached skill level 13 in Armour
 12680 | Snake:4  | Entered Level 4 of the Snake Pit
 12690 | Snake:4  | Reached XP level 16. HP: 145/151 MP: 21/21
 13035 | Snake:4  | Reached skill level 15 in Invocations
 13035 | Snake:4  | Reached skill level 14 in Armour
 13074 | Snake:4  | Got a serpentine rune of Zot
 13440 | D:13     | Found a glowing golden altar of the Shining One.
 13588 | D:14     | Noticed Louise
 13600 | D:14     | Killed Louise
 13620 | D:14     | Reached skill level 10 in Dodging
 13786 | D:14     | Reached XP level 17. HP: 162/162 MP: 23/23
 13837 | D:14     | Found Eggaan's Antique Armour Shop.
 13882 | D:14     | Found a gate to the Vaults.
 13903 | Vaults:1 | Entered Level 1 of the Vaults
 14338 | Vaults:4 | Identified the ring "Voidymip" {+Fly rF+ rN+ Str-3} (You
                  | found it on level 4 of the Shoals)
 14434 | Vaults:4 | Reached skill level 15 in Armour
 14523 | Vaults:4 | Reached skill level 15 in Shields
 14906 | Vaults:4 | Found a shimmering altar of Xom.
 15016 | Vaults:5 | Entered Level 5 of the Vaults
 15025 | Vaults:5 | Noticed a quicksilver dragon
 15040 | Vaults:5 | Gained mutation: You passively map a large area around you.
                  | [Deep Dwarf growth]
 15040 | Vaults:5 | Reached XP level 18. HP: 136/172 MP: 23/23
 15064 | Vaults:5 | Reached skill level 16 in Armour
 15094 | Vaults:5 | Noticed a lich
 15101 | Vaults:5 | Killed a lich
 15120 | Vaults:5 | Noticed a tentacled monstrosity
 15132 | Vaults:5 | Killed a tentacled monstrosity
 15132 | Vaults:5 | Identified the amulet "Boec" {Faith rPois}
 15146 | Vaults:5 | Found Utsotiamp's General Store.
 15163 | Vaults:5 | Noticed a tentacled monstrosity
 15179 | Vaults:5 | Killed a tentacled monstrosity
 15204 | Vaults:5 | Bought a scroll of fog for 24 gold pieces
 15204 | Vaults:5 | Bought a scroll of magic mapping for 42 gold pieces
 15351 | Vaults:5 | Found the +10 morningstar "Eos" {elec, Halo rElec}
 15351 | Vaults:5 | Found the +3 pair of gauntlets of War {Slay+5}
 15366 | Vaults:5 | Got a blackened chain mail
 15367 | Vaults:5 | Identified the +0 chain mail of Kuesuphoama {MR+ Str+3}
                  | (You found it on level 5 of the Vaults)
 15375 | Vaults:5 | Found the +3 crown of Dyrovepreva {rElec Int+2 SInv}
 15530 | Vaults:5 | Reached skill level 17 in Armour
 15605 | Vaults:5 | Reached XP level 19. HP: 161/183 MP: 24/24
 15654 | Vaults:5 | Got a wavering brass amulet
 15847 | Vaults:5 | Noticed an ancient lich
 15860 | Vaults:5 | Reached skill level 15 in Fighting
 15861 | Vaults:5 | Noticed a Tzitzimitl
 15871 | Vaults:5 | Noticed a Brimstone Fiend
 15876 | Vaults:5 | Noticed Margery
 15878 | Vaults:5 | HP: 5/186 [ancient lich/iron shot (29)]
 15881 | Vaults:5 | Found the +10 Black Knight's horse barding {ponderous,
                  | rPois rN+}
 15905 | Vaults:5 | Got a silver rune of Zot
 16243 | Depths:1 | Entered Level 1 of the Depths
 16304 | Depths:1 | Reached skill level 15 in Dodging
 16508 | Depths:1 | Reached skill level 18 in Armour
 16590 | Depths:1 | Found Qonuquetz's Weapon Boutique.
 16832 | Depths:3 | Reached XP level 20. HP: 139/196 MP: 22/22
 17001 | Depths:3 | Identified the +5 long sword "Quajenuu" {antimagic, rN+
                  | Str+4 Int-2}
 17120 | Depths:5 | Entered Level 5 of the Depths
 17219 | Depths:5 | Reached skill level 19 in Armour
 17516 | Depths:5 | Found a gateway to Hell.
 17615 | Depths:5 | Reached XP level 21. HP: 141/207 MP: 23/23
 17622 | Depths:5 | Noticed a golden dragon
 17633 | Depths:5 | Killed a golden dragon
 17768 | Depths:5 | Found a gate to the Realm of Zot.
 17777 | Zot:1    | Entered Level 1 of the Realm of Zot
 17846 | Zot:1    | Identified the amulet "Moim" {Acrobat rC+++ rN+ Str-2
                  | Int+2} (You found it on level 5 of the Vaults)
 18031 | Zot:2    | Reached skill level 20 in Armour
 18159 | Zot:4    | Noticed a curse toe
 18194 | Zot:4    | Killed a curse toe
 18212 | Zot:5    | Entered Level 5 of the Realm of Zot
 18240 | Zot:5    | Noticed a golden dragon
 18256 | Zot:5    | HP: 7/210 [death cob (8)]
 18256 | Zot:5    | Mangled by an Orb Guardian

Illustrated notes

Levels and vault maps discovered:
D:1:      nicolae_arrival_memento_mori, layout_loops_corners
D:2:      layout_basic, gammafunk_temple_overflow_elements,
          lemuel_coloured_pillars_altar, minmay_misc_feat_square,
          grunt_decor_fettered
D:3:      layout_loops_ring, first_ration, uniq_natasha, uniq_jessica
D:4:      layout_loops_ring, gammafunk_ghost_cemetery, uniq_grinder
D:5:      layout_loops_ring, minmay_temple_entry_statues_pillars,
          ebering_ghost_disaster_area, okawaru_trees_1
D:6:      layout_rooms, overflow_temple_1_default, uniq_eustachio
D:7:      layout_basic, nicolae_overflow_hidden_temple, lemuel_doored_altar,
          uniq_crazy_yiuf_cottage
D:8:      layout_rooms, fedhas_altar_2
D:9:      layout_stronghold, lair_entry_dummy
D:10:     layout_cave_pools, david_orc_3, hangedman_fish_farm, minivault_25,
          minmay_liquid_box, evilmike_butchery
D:11:     layout_long_grid, uniq_harold
D:12:     layout_small_grid, minmay_misc_feat_diagonals,
          nicolae_straight_to_the_point, uniq_azrael
D:13:     layout_cave_pods, basic_altar, uniq_snorg, uniq_maurice, uniq_kirke,
          uniq_erolcha
D:14:     layout_stronghold, david_vaults_5, hex_medium, serial_shops,
          nicolae_shop_overgrown_old_shop, uniq_louise
D:15:     grunt_enter_depths_magical_seal, layout_cross, serial_bayou_pond_a
Temple:   eino_temple_rhombus
Lair:1:   layout_small_grid, portal_ice_cave_rime
Lair:2:   layout_long_grid, minmay_snake_entry_guardpost_small,
          ebering_ghost_inner_flame, grunt_megastairs_3,
          infiniplex_staircase_pool, minmay_lair_oklob_chamber
Lair:3:   layout_regular_city, minmay_shoals_entry_lonely_mermaid,
          cheibrodos_lair_caveside_slide, serial_bayou_shore_a
Lair:4:   layout_cave_pods, gauntlet_entry_generic
Lair:5:   wad_woods_minihive, layout_loops_ring, ldierk_geyser
Lair:6:   cheibrodos_lair_end_hotspot, layout_misc_corridors, slime_altar_1,
          lemuel_old_faithful
Shoals:1: layout_shoals, wheals_shoals_ruined_temple
Shoals:2: layout_shoals, abandoned_shop
Shoals:3: layout_shoals, uniq_polyphemus
Shoals:4: shoals_end_grunt_ice, layout_shoals, serial_shops, shop
Snake:1:  layout_rooms, serial_bayou_pond_c
Snake:2:  layout_rooms, nicolae_coiled_stairwell_up, minmay_shop_star
Snake:3:  layout_rooms, basic_altar, nicolae_snake_linked_coils
Snake:4:  snake_pit, layout_basic
Vaults:1: gammafunk_vaults_ghost_cemetery, nicolae_vaults_big_angled_halls,
          vaults_dpeg_cross, ontoclasm_vaults_shout, v_misc_26,
          hangedman_vaults_stretched_pinwheel, v_pattern_5, v_rooms_5,
          nicolae_vaults_yaktaur_gun_rack, layout_vaults_omnigrid
Vaults:2: ontoclasm_vaults_hangar, hangedman_vaults_maws,
          minmay_crypt_entry_necro_gods, v_rooms_6, hangedman_vaults_stagger,
          ontoclasm_vaults_claustrophobia, ontoclasm_vaults_decontamination,
          v_pattern_3, v_misc_8, nicolae_vaults_network_periphery,
          nicolae_vaults_rhombus_7, ontoclasm_vaults_ring_square, v_misc_9,
          v_alt_pattern_1, layout_vaults_maze_bifur
Vaults:3: st_squares, nicolae_vaults_network_quinsquares
          [nicolae_vaults_network_quincunx_subvault,
          nicolae_vaults_network_quincunx_subvault,
          nicolae_vaults_network_quincunx_subvault,
          nicolae_vaults_network_quincunx_subvault], vaults_room_door_ring,
          vaults_dpeg_doors, hangedman_vaults_cutoff, v_rooms_6, v_misc_8,
          hangedman_vaults_maws, ontoclasm_vaults_spin, vaults_room_hallway,
          vaults_dpeg_ring, nicolae_vaults_circle_grid_b, layout_vaults_omnibox
Vaults:4: nicolae_vaults_diagonal_hallway_8, ontoclasm_vaults_eye,
          nicolae_vaults_arrows, vaults_room_stairs_pillars,
          nicolae_vaults_shelves_hall, hangedman_vaults_restitches,
          hangedman_vaults_slither, vaults_not_door_vault_due, v_misc_19,
          hangedman_vaults_nails, ontoclasm_vaults_gateway,
          layout_vaults_big_cross, basic_altar
Vaults:5: uniq_margery
Depths:1: layout_basic, serial_shops, kennysheep_mini_moat,
          nicolae_shop_temple_entry_statues_fountains, pf_hell_entry_great_geh,
          hangedman_abyss_or_decor_stagger, grunt_ministairs_6,
          hangedman_devilish_allure
Depths:2: minmay_thinvault, layout_gridville, enter_ziggurat_b, hellmouth_3,
          kennysheep_donut, minmay_staircase_statues, uniq_nikola
Depths:3: grunt_crosshair, layout_long_grid, nrook_campfire, grunt_metal_band,
          grunt_pan_entry_spiral, infiniplex_staircase_pool_2
Depths:4: minmay_outward_triangles, layout_long_grid,
          abyss_entry_small_statue_room, serial_sigils_hangedman_quiver,
          hell_entry, serial_bayou_shore_b, minmay_staircase_windowed_large,
          serial_bayou_shore_b, minmay_shop_grove
Depths:5: grunt_zot_entry_hairpin, layout_gridville, hell_entry, serial_sigils,
          serial_sigils_hangedman_stare, serial_sigils_hangedman_carve,
          serial_sigils_hangedman_scratch, serial_sigils_hangedman_gut,
          glass_columns_a
Zot:1:    layout_misc_corridors
Zot:2:    lemuel_draconian_sentries_small, layout_misc_corridors
Zot:3:    layout_gridville
Zot:4:    layout_cathedral_of_symmetry, bh_zot_levy_curve, guppyfry_library_mini
Zot:5:    layout_gridlike

Skill      XL: |  1  2  3  4  5  6  7  8  9 10 11 12 13 14 15 16 17 18 19 20 21 |
---------------+----------------------------------------------------------------+-----
Fighting       | 3 4 5 6 7 8 9 10 11 12 13 14 15 16 17 | 17.6
Axes           | 3 4 5 6 8 9 11 12 15 17 18 | 18.0
Armour         | 4 5 6 7 8 9 10 11 12 13 14 15 17 18 19 20 | 20.3
Shields        | 4 5 6 7 8 9 10 11 12 13 14 15 | 15.0
Invocations    | 3 6 7 9 10 11 13 14 15 | 15.0
Dodging        | 3 6 8 10 12 14 15 17 18 | 18.2
Evocations     | 8 |  8.0

Action                   |  1- 3 |  4- 6 |  7- 9 | 10-12 | 13-15 | 16-18 | 19-21 || total
-------------------------+-------+-------+-------+-------+-------+-------+-------++-------
Melee: War axe           |    53 |   101 |   339 |   273 |       |       |       ||   766
       Broad axe         |       |       |       |   299 |   892 |   805 |  1045 ||  3041
       Kick              |       |       |       |       |   378 |   456 |   568 ||  1402
Invok: Lesser Servant of |       |       |       |       |     1 |       |       ||     1
       Greater Servant o |       |       |       |       |       |     1 |     1 ||     2
 Abil: Heal Wounds       |     3 |     7 |     9 |     3 |    15 |     5 |    12 ||    54
Evoke: Wand              |       |       |     3 |       |       |       |     1 ||     4
       Tin of tremorston |       |       |       |       |     2 |     3 |     2 ||     7
  Use: Scroll            |       |       |    11 |    12 |     3 |    12 |    11 ||    49
       Potion            |       |       |     1 |       |     5 |     2 |     4 ||    12
 Stab: Distracted        |       |       |       |       |       |     2 |     1 ||     3
       Confused          |       |       |       |       |       |       |     1 ||     1
  Eat: Chunk             |       |       |    12 |     9 |     9 |     8 |     6 ||    44
       Ration            |       |       |     1 |     3 |     1 |     1 |     1 ||     7
Armor: Scale mail        |    33 |    43 |    56 |       |       |       |       ||   132
       Plate armour      |       |       |   104 |   461 |   567 |   498 |   518 ||  2148
       Gold dragon scale |       |       |       |       |       |       |   168 ||   168
Dodge: Dodged            |    19 |    36 |    97 |   259 |   433 |   441 |   835 ||  2120
Block: Kite shield       |    40 |    64 |   205 |       |       |       |   171 ||   480
       Other             |       |       |     7 |   141 |   201 |   166 |   198 ||   713
       Reflection        |       |       |       |     2 |    13 |    19 |    17 ||    51

Table legend:
 A = Non-vault XP
 B = Vault XP
 C = Vault XP percentage of total XP
 D = Non-vault monster count
 E = Vault monster count
 F = Vault count percentage of total count
                 A         B        C        D         E       F
            +---------+---------+-------+---------+---------+-------
      Total |  354834 |  308019 |  46.5 |     815 |     366 |  31.0
            +---------+---------+-------+---------+---------+-------
        D:1 |      11 |       0 |   0.0 |       3 |       0 |   0.0
        D:2 |       2 |       0 |   0.0 |       1 |       0 |   0.0
        D:3 |      20 |      35 |  63.6 |       6 |       1 |  14.3
        D:4 |     716 |     262 |  26.8 |      27 |       1 |   3.6
        D:5 |     441 |       0 |   0.0 |      12 |       0 |   0.0
        D:6 |     809 |     197 |  19.6 |      23 |       1 |   4.2
        D:7 |    1562 |      41 |   2.6 |      26 |       1 |   3.7
        D:8 |    2169 |       0 |   0.0 |      42 |       0 |   0.0
        D:9 |    1498 |       0 |   0.0 |      29 |       0 |   0.0
       D:10 |    1591 |       0 |   0.0 |       3 |       0 |   0.0
       D:11 |    5479 |     987 |  15.3 |      43 |       1 |   2.3
       D:12 |    3730 |    2568 |  40.8 |      18 |       9 |  33.3
       D:13 |   10236 |    5014 |  32.9 |      41 |       7 |  14.6
       D:14 |    8674 |   10211 |  54.1 |      23 |      13 |  36.1
       D:15 |   20328 |    7616 |  27.3 |      47 |      12 |  20.3
     Lair:1 |    3511 |     788 |  18.3 |      20 |       2 |   9.1
     Lair:2 |    2522 |    1244 |  33.0 |      13 |       6 |  31.6
     Lair:3 |    3815 |     490 |  11.4 |      17 |       1 |   5.6
     Lair:4 |    2569 |       0 |   0.0 |      12 |       0 |   0.0
     Lair:5 |    4341 |    2917 |  40.2 |      18 |      47 |  72.3
     Lair:6 |    6121 |    1427 |  18.9 |      27 |       6 |  18.2
   Shoals:1 |    4867 |       0 |   0.0 |      11 |       0 |   0.0
   Shoals:2 |    3561 |       0 |   0.0 |       6 |       0 |   0.0
   Shoals:3 |    2751 |       0 |   0.0 |       2 |       0 |   0.0
   Shoals:4 |    8906 |   15976 |  64.2 |      20 |      31 |  60.8
    Snake:1 |    8561 |       0 |   0.0 |      16 |       0 |   0.0
    Snake:2 |    4131 |       0 |   0.0 |      12 |       0 |   0.0
    Snake:3 |    9689 |       0 |   0.0 |      23 |       0 |   0.0
    Snake:4 |   20774 |   26984 |  56.5 |      27 |      41 |  60.3
   Vaults:1 |    9662 |       0 |   0.0 |      16 |       0 |   0.0
   Vaults:2 |    4903 |    5217 |  51.6 |       7 |      10 |  58.8
   Vaults:3 |    4020 |    4622 |  53.5 |       7 |       7 |  50.0
   Vaults:4 |    6926 |   20713 |  74.9 |       8 |      24 |  75.0
   Vaults:5 |    7305 |  127683 |  94.6 |      11 |      90 |  89.1
   Depths:1 |   35390 |    4204 |  10.6 |      59 |       7 |  10.6
   Depths:2 |    7484 |       0 |   0.0 |       9 |       0 |   0.0
   Depths:3 |   15095 |   40979 |  73.1 |      20 |      31 |  60.8
   Depths:4 |     361 |       0 |   0.0 |       1 |       0 |   0.0
   Depths:5 |   63268 |   22400 |  26.1 |      71 |      15 |  17.4
      Zot:1 |   20003 |       0 |   0.0 |      15 |       0 |   0.0
      Zot:2 |   20728 |       0 |   0.0 |      14 |       0 |   0.0
      Zot:4 |   16304 |       0 |   0.0 |       9 |       0 |   0.0
      Zot:5 |       0 |    5444 | 100.0 |       0 |       2 | 100.0
            +---------+---------+-------+---------+---------+-------
